[Event "Titled Tuesday Blitz June 8 2021"]
[White "Pap, Gyula"]
[Black "Maiorov, Nikita"]
[WhiteFideId "725323"]
[BlackFideId "13501720"]
[WhiteElo "2562"]
[BlackElo "2440"]
[Result "1-0"]
[Round "08"]
[TimeControl "180+1"]
[Date "2021.06.08"]
[WhiteClock "0:00:02"]
[BlackClock "0:00:06"]

1. c4 Nf6 2. Nc3 e5 3. Nf3 Nc6 4. e4 Bb4 5. d3 Bxc3+ 6. bxc3 d6 7. g3 O-O 8. Bg2 Ne7 9. Nh4 Ne8 10. O-O Kh8 11. f4 exf4 12. Bxf4 Be6 13. Rb1 Rb8 14. Be3 b6 15. Qh5 Qd7 16. Rf4 f6 17. Rbf1 Bf7 18. Qe2 Ng6 19. Nxg6+ Bxg6 20. Rh4 c6 21. Bh3 Qf7 22. Bd4 Nc7 23. Qg4 Rbd8 24. a4 Kg8 25. Rf3 Rfe8 26. Bg2 Ne6 27. Rf2 Nxd4 28. cxd4 c5 29. d5 Qe7 30. Qf4 Bf7 31. Rh3 Qe5 32. Qxe5 Rxe5 33. g4 Be8 34. Ra2 Re7 35. Rg3 h6 36. h4 Bd7 37. Bh3 g5 38. Kh2 gxh4 39. Rf3 Kg7 40. a5 b5 41. a6 Rb8 42. Raf2 bxc4 43. dxc4 Rf8 44. Rf4 Bc8 45. Bf1 Bxa6 46. Be2 Bc8 47. Kh3 a5 48. Kxh4 a4 49. Bd3 a3 50. Ra2 Ra7 51. Rf3 Bd7 52. Bc2 Rfa8 53. Kg3 Be8 54. Kf4 Bd7 55. Rb3 Kf7 56. Rb6 Ke7 57. Rb3 Rg8 58. Rg3 Rg5 59. Bd1 Rg6 60. Rgxa3 Rg5 61. Rxa7 1-0


[Site "https://www.chess.com"]

[Event "Titled Tuesday Blitz June 8 2021"]
[White "Papasimakopoulos, Alexandros"]
[Black "Nguyen, Anh Khoi"]
[WhiteFideId "4244125"]
[BlackFideId "12404675"]
[WhiteElo "2352"]
[BlackElo "2296"]
[Result "1/2-1/2"]
[Round "08"]
[TimeControl "180+1"]
[Date "2021.06.08"]
[WhiteClock "0:00:02"]
[BlackClock "0:00:02"]

1. d4 Nf6 2. c4 e6 3. Nc3 Bb4 4. Qc2 d6 5. a3 Bxc3+ 6. Qxc3 Nbd7 7. f3 e5 8. d5 O-O 9. e4 a5 10. b3 Nc5 11. Be3 c6 12. Ne2 Bd7 13. dxc6 Bxc6 14. a4 Qc7 15. Ng3 b6 16. Be2 Bd7 17. O-O Be6 18. Bd1 h6 19. Bc2 Nfd7 20. Qd2 Rfd8 21. Bxh6 gxh6 22. Qxh6 Nf8 23. f4 f6 24. fxe5 fxe5 25. Nh5 Nh7 26. Rf6 Kh8 27. Raf1 Rg8 28. Rxe6 Nxe6 29. Qxe6 Qc5+ 30. Kh1 Rae8 31. Qh3 Ref8 32. Rg1 Qd4 33. Ng3 Qd2 34. Bd1 Qe3 35. Qh4 Qf4 36. Qh3 Rf6 37. Nh5 Qg5 38. Nxf6 Qxf6 39. Qf3 Qh6 40. Qf5 Qe3 41. Qf3 Qg5 42. Qd3 Rg6 43. Bf3 Rf6 44. Qe2 Qf4 45. Rf1 Ng5 46. Qf2 Nxe4 47. Qxb6 Nd2 48. Rf2 e4 49. Qd8+ Kg7 50. Qd7+ Rf7 51. Bxe4 Qxf2 52. Qg4+ Kf8 53. Qc8+ Kg7 54. Qg4+ Kh6 55. Qh4+ Kg7 56. Qg4+ 1/2-1/2


[Site "https://www.chess.com"]

[Event "Titled Tuesday Blitz June 8 2021"]
[White "Perez Ponsa, Federico"]
[Black "Kobo, Ori"]
[WhiteFideId "117927"]
[BlackFideId "2812320"]
[WhiteElo "2672"]
[BlackElo "2431"]
[Result "1-0"]
[Round "08"]
[TimeControl "180+1"]
[Date "2021.06.08"]
[WhiteClock "0:00:08"]
[BlackClock "0:00:03"]

1. d4 Nf6 2. c4 e6 3. Nf3 Bb4+ 4. Nbd2 O-O 5. a3 Be7 6. b4 a5 7. b5 c5 8. bxc6 Nxc6 9. e3 d6 10. Bb2 Qc7 11. Bd3 e5 12. h3 Re8 13. O-O Bf8 14. Qb1 b6 15. Ne4 Nd7 16. Nc3 g6 17. Nd5 Qd8 18. Bc3 Ba6 19. Rd1 Rc8 20. Bf1 Bg7 21. Qb3 exd4 22. exd4 Rb8 23. Rab1 Nf6 24. a4 Ne4 25. Ba1 Bc8 26. Ne3 Nb4 27. Nd5 Nxd5 28. cxd5 Bd7 29. Re1 Qf6 30. Bb5 Bxb5 31. Qxb5 Qd8 32. Re3 f5 33. Rbe1 Bh6 34. R3e2 Qc7 35. Bb2 Rec8 36. Nh2 Rb7 37. Ng4 Bg7 38. Ne3 Qd7 39. Qa6 Rbc7 40. Qxb6 Rb7 41. Qxa5 Rcb8 42. Nc4 Rb4 43. Rc2 Rxc4 44. Rxc4 Rxb2 45. Rc7 Qd8 46. Rxg7+ Kxg7 47. Qxd8 1-0


[Site "https://www.chess.com"]

[Event "Titled Tuesday Blitz June 8 2021"]
[White "Petesch, Gabriel"]
[Black "Wagner, Dennis"]
[WhiteFideId "2032465"]
[BlackFideId "24650684"]
[WhiteElo "2374"]
[BlackElo "2355"]
[Result "0-1"]
[Round "08"]
[TimeControl "180+1"]
[Date "2021.06.08"]
[WhiteClock "0:00:05"]
[BlackClock "0:00:38"]

1. d4 Nf6 2. Nf3 d5 3. e3 e6 4. Bd3 b6 5. Nbd2 Bb7 6. Qe2 Ne4 7. O-O Bd6 8. b3 Nd7 9. Bb2 O-O 10. Rfd1 f5 11. c4 Qf6 12. cxd5 exd5 13. Ba6 Bxa6 14. Qxa6 g5 15. Qb5 c6 16. Qa4 g4 17. Ne5 Bxe5 18. dxe5 Qe6 19. Rac1 Nec5 20. Qd4 Rae8 21. b4 Ne4 22. Nxe4 fxe4 23. b5 cxb5 24. Qxd5 Nc5 25. Ba3 Qxd5 26. Rxd5 Rd8 27. Rcd1 Nd3 28. Rxd8 Rxd8 29. e6 Re8 30. e7 b4 31. Bc1 Rxe7 32. Bd2 Rc7 33. f3 gxf3 34. gxf3 exf3 35. Be1 Nxe1 36. Rxe1 Rc2 37. Rb1 a5 38. Ra1 Kf7 0-1


[Site "https://www.chess.com"]

[Event "Titled Tuesday Blitz June 8 2021"]
[White "Priasmoro, Novendra"]
[Black "Korobov, Anton"]
[WhiteFideId "7105029"]
[BlackFideId "14105730"]
[WhiteElo "2309"]
[BlackElo "2668"]
[Result "1-0"]
[Round "08"]
[TimeControl "180+1"]
[Date "2021.06.08"]
[WhiteClock "0:00:09"]
[BlackClock "0:00:26"]

1. e4 c5 2. Nf3 d6 3. d4 cxd4 4. Nxd4 Nf6 5. Nc3 a6 6. Bg5 Nbd7 7. f4 Qc7 8. Qf3 g6 9. O-O-O Bg7 10. g4 h6 11. Bxf6 Nxf6 12. f5 Qc5 13. Nb3 Qe5 14. h4 g5 15. hxg5 hxg5 16. Rxh8+ Bxh8 17. Bd3 Bd7 18. Qe3 O-O-O 19. Qa7 Bc6 20. Nd4 Bd7 21. Bxa6 bxa6 22. Qxa6+ Kb8 23. Qb6+ Kc8 24. Ncb5 Bxb5 25. Nxb5 Kd7 26. Na7 Qf4+ 27. Kb1 Ke8 28. Nc6 Rc8 29. Qb7 Rxc6 30. Qxc6+ Kf8 31. Qc8+ Ne8 32. Qc4 Qxg4 33. Qd3 Nf6 34. Re1 Nd7 35. a4 Nc5 36. Qb5 Be5 37. Qb8+ Kg7 38. Rh1 Qh4 39. Rxh4 gxh4 40. Qb5 h3 41. Qf1 h2 42. a5 Kf6 43. Qg2 e6 44. b4 Na6 45. b5 Nc5 46. a6 Nd7 47. a7 Nb6 48. fxe6 fxe6 49. c4 Ke7 50. Kc2 Kd7 51. Qh3 Kc7 52. Qh7+ Kc8 53. Kb3 d5 54. exd5 1-0


[Site "https://www.chess.com"]

[Event "Titled Tuesday Blitz June 8 2021"]
[White "Przybylski, Wojciech"]
[Black "Tejedor Fuente, Enrique"]
[WhiteFideId "1117599"]
[BlackFideId "2299100"]
[WhiteElo "2317"]
[BlackElo "2535"]
[Result "0-1"]
[Round "08"]
[TimeControl "180+1"]
[Date "2021.06.08"]
[WhiteClock "0:00:14"]
[BlackClock "0:00:07"]

1. e4 e5 2. Nf3 Nc6 3. d4 exd4 4. Nxd4 Nf6 5. Nxc6 bxc6 6. e5 Qe7 7. Qe2 Nd5 8. h4 g6 9. c4 Ba6 10. Nd2 Bg7 11. Nf3 Qb4+ 12. Qd2 Qxd2+ 13. Bxd2 Nb6 14. b3 d6 15. Bc3 O-O-O 16. O-O-O Nd7 17. Ng5 Bxe5 18. Kb2 Rdf8 19. f4 Bxf4 20. Bxh8 Rxh8 21. Nxf7 Rf8 22. Ng5 Be5+ 23. Kc2 Rf2+ 24. Rd2 Rxd2+ 25. Kxd2 Nf6 26. Bd3 c5 27. Nf3 Bf4+ 28. Ke2 Nh5 29. Rb1 Bb7 30. b4 cxb4 31. Rxb4 Bg3 32. Ke3 Bf4+ 33. Kf2 Bg3+ 34. Kf1 Nf4 35. Be2 h6 36. Rb3 Bc6 37. Nd4 Bxg2+ 38. Kg1 Bxh4 39. Bf3 Bxf3 40. Rxf3 g5 41. Nf5 Be1 42. Nxh6 Kd7 43. Nf7 Ne6 44. Kf1 Bd2 45. Nh6 Bf4 46. Ra3 Kc6 47. Ra5 Kb6 48. Rb5+ Kc6 49. Rf5 Nc5 50. Nf7 Nd7 51. Nxg5 Bxg5 52. Rxg5 Ne5 53. Ke2 Nxc4 54. Kd3 Nb6 55. Ra5 Kb7 56. Kc3 c5 57. Kc2 Nd7 58. Rb5+ Nb6 59. a3 Kc6 60. Ra5 Nc8 61. Ra6+ Kb7 62. Ra4 Nb6 63. Rh4 Kc6 64. Kb3 a5 65. Rh5 a4+ 66. Kc3 d5 67. Rh4 d4+ 68. Kd3 Kb5 69. Rh8 Nc4 70. Rb8+ Nb6 71. Rb7 Kc6 72. Ra7 Kd5 73. Ra5 Nc4 74. Rxa4 Nb2+ 75. Kc2 Nxa4 76. Kb3 Nb6 77. a4 c4+ 78. Kb4 Nxa4 79. Ka3 d3 80. Kb4 d2 81. Ka3 d1=Q 82. Ka2 Qb3+ 83. Ka1 Qb2# 0-1


[Site "https://www.chess.com"]

[Event "Titled Tuesday Blitz June 8 2021"]
[White "Quintiliano Pinto, Renato R."]
[Black "Stelmaszyk, Nico"]
[WhiteFideId "2117568"]
[BlackFideId "16200462"]
[WhiteElo "2439"]
[BlackElo "2119"]
[Result "1-0"]
[Round "08"]
[TimeControl "180+1"]
[Date "2021.06.08"]
[WhiteClock "0:00:10"]
[BlackClock "0:00:10"]

1. Nf3 Nf6 2. c4 c5 3. g3 g6 4. Bg2 Bg7 5. Nc3 Nc6 6. O-O O-O 7. d4 d6 8. d5 Nb8 9. h3 Re8 10. Bf4 Nbd7 11. Qd2 Nf8 12. Rad1 Bd7 13. e4 a6 14. Rfe1 b5 15. e5 dxe5 16. Nxe5 Nh5 17. Bh6 Ra7 18. g4 Nf6 19. Bxg7 Kxg7 20. Qf4 h6 21. Ne4 Qb8 22. g5 hxg5 23. Nxg5 bxc4 24. Ngxf7 Ng8 25. Qh4 Nh7 26. d6 exd6 27. Nxd6 Re7 28. Nexc4 Bb5 29. Rxe7+ Rxe7 30. Qg3 Qf8 31. Nxb5 axb5 32. Nd6 b4 33. Qd3 Qf6 34. Qc2 Rc7 35. Ne8+ Kf7 36. Nxf6 Ngxf6 37. Qc4+ Kg7 38. Rd6 Re7 39. Re6 Rd7 40. Qxc5 Rd1+ 41. Bf1 Ng5 42. Re7+ Kh6 43. Qe3 Kh5 44. Qe2+ Kh4 45. Qxd1 Nh5 46. Qg4# 1-0


[Site "https://www.chess.com"]

[Event "Titled Tuesday Blitz June 8 2021"]
[White "Quparadze, Giga"]
[Black "Andreikin, Dmitry"]
[WhiteFideId "13602250"]
[BlackFideId "4158814"]
[WhiteElo "2658"]
[BlackElo "2782"]
[Result "0-1"]
[Round "08"]
[TimeControl "180+1"]
[Date "2021.06.08"]
[WhiteClock "0:00:17"]
[BlackClock "0:00:03"]

1. e4 e6 2. d4 d5 3. Nd2 c5 4. Ngf3 Nf6 5. e5 Nfd7 6. c3 Nc6 7. Be2 b6 8. O-O Bb7 9. Bd3 g5 10. h3 h5 11. g4 hxg4 12. hxg4 Bg7 13. Re1 Qe7 14. Nf1 O-O-O 15. Bxg5 f6 16. exf6 Bxf6 17. Bxf6 Qxf6 18. Ng3 Rdf8 19. Re3 cxd4 20. cxd4 Nxd4 21. Be2 Nxe2+ 22. Qxe2 d4 23. g5 Qf4 24. Qc4+ Nc5 25. Qxd4 Bxf3 26. Qxf4 Rxf4 27. Rc1 Kb7 28. b4 Nd7 29. g6 Bd5 30. Rec3 Ne5 31. g7 Rg8 32. Rc7+ Ka6 33. b5+ Kxb5 34. Rxa7 Rg4 35. a4+ Kb4 36. Rcc7 Nc6 37. Rab7 Ka5 38. Kf1 Nd4 39. Ra7+ Kb4 40. Ke1 e5 41. Nh5 Nf3+ 42. Ke2 Nd4+ 43. Ke3 Rg6 44. f4 Nf5+ 45. Kd3 e4+ 46. Ke2 Rg2+ 47. Kf1 e3 48. a5 Bf3 49. Re7 Rf2+ 50. Ke1 Bxh5 51. Rxe3 Nxe3 52. Kxf2 Ng4+ 53. Kg3 bxa5 54. Kh4 Nf6 55. Kg5 Ne8 56. Kxh5 Rxg7 57. Ra8 Nc7 58. f5 Nxa8 0-1


[Site "https://www.chess.com"]

[Event "Titled Tuesday Blitz June 8 2021"]
[White "Ronka, Erik"]
[Black "Costachi, Mihnea"]
[WhiteFideId "505080"]
[BlackFideId "1217518"]
[WhiteElo "2264"]
[BlackElo "2479"]
[Result "1-0"]
[Round "08"]
[TimeControl "180+1"]
[Date "2021.06.08"]
[WhiteClock "0:00:12"]
[BlackClock "0:00:46"]

1. d4 a6 2. Nf3 d5 3. g3 Nf6 4. Bg2 Bf5 5. O-O e6 6. b3 Be7 7. c4 O-O 8. Bb2 c6 9. Nc3 h6 10. Re1 Ne4 11. Nd2 Nxc3 12. Bxc3 b5 13. e4 dxe4 14. Nxe4 Nd7 15. Qe2 Rc8 16. Rad1 Nf6 17. Nc5 Qb6 18. Nd3 Rfd8 19. Ne5 a5 20. g4 Bh7 21. Nxf7 Rf8 22. Qxe6 Rxf7 23. Qxc8+ Bf8 24. h3 bxc4 25. bxc4 Kh8 26. Re2 h5 27. g5 Ng8 28. d5 Bc5 29. Re8 Bxf2+ 30. Kh1 Qc5 31. g6 Rf5 32. Qxf5 Qxd5 33. cxd5 Bd4 34. Bxd4 c5 35. Qxh5 a4 36. Qxh7# 1-0


[Site "https://www.chess.com"]

[Event "Titled Tuesday Blitz June 8 2021"]
[White "Rostovtsev, Dmitry"]
[Black "Samsonkin, Artiom"]
[WhiteFideId "34278320"]
[BlackFideId "13503111"]
[WhiteElo "2143"]
[BlackElo "2513"]
[Result "0-1"]
[Round "08"]
[TimeControl "180+1"]
[Date "2021.06.08"]
[WhiteClock "0:00:54"]
[BlackClock "0:01:09"]

1. d4 Nf6 2. c4 e6 3. Nf3 Bb4+ 4. Bd2 Qe7 5. Nc3 b6 6. g3 Bb7 7. Bg2 O-O 8. O-O Bxc3 9. Bxc3 d6 10. Qc2 Be4 11. Qc1 Nbd7 12. Re1 c5 13. dxc5 Nxc5 14. b3 e5 15. Qe3 Ng4 16. Qg5 Qxg5 17. Nxg5 Bxg2 18. Kxg2 h6 19. Nh3 f5 20. Rad1 Rfd8 21. Bb4 Kf7 22. Ng1 Ne4 23. Rf1 Nexf2 24. h3 Nxd1 0-1


[Site "https://www.chess.com"]

[Event "Titled Tuesday Blitz June 8 2021"]
[White "Samadov, Read"]
[Black "Ovetchkin, Roman"]
[WhiteFideId "13417444"]
[BlackFideId "4119991"]
[WhiteElo "2084"]
[BlackElo "2428"]
[Result "1-0"]
[Round "08"]
[TimeControl "180+1"]
[Date "2021.06.08"]
[WhiteClock "0:00:55"]
[BlackClock "0:00:09"]

1. d4 Nf6 2. Nf3 g6 3. c4 Bg7 4. g3 O-O 5. Bg2 d6 6. O-O c6 7. Nc3 Bf5 8. Ne1 d5 9. cxd5 cxd5 10. Qb3 Nc6 11. Qxb7 Nxd4 12. e3 Rb8 13. Qxa7 Nc6 14. Qa4 Qd6 15. Nf3 e5 16. Rd1 Ra8 17. Qb5 Rfb8 18. Qe2 Qc5 19. Nxd5 Nxd5 20. e4 Bg4 21. Rxd5 Qb6 22. Be3 Qxb2 23. Qxb2 Rxb2 24. a4 Be6 25. Rc5 Nb4 26. Rb5 Bd7 27. Rb6 Rxa4 28. Rxa4 Bxa4 29. Rb8+ 1-0


[Site "https://www.chess.com"]

[Event "Titled Tuesday Blitz June 8 2021"]
[White "Saraci, Nderim"]
[Black "Stribuk, Artiom"]
[WhiteFideId "6351921"]
[BlackFideId "13515659"]
[WhiteElo "2486"]
[BlackElo "2177"]
[Result "0-1"]
[Round "08"]
[TimeControl "180+1"]
[Date "2021.06.08"]
[WhiteClock "0:00:03"]
[BlackClock "0:00:05"]

1. b3 Nf6 2. Bb2 g6 3. e3 Bg7 4. d4 O-O 5. Nf3 d5 6. Be2 Ne4 7. O-O c5 8. Qc1 Nc6 9. dxc5 e5 10. Rd1 Nxc5 11. c4 d4 12. exd4 exd4 13. b4 Na4 14. Ba3 Re8 15. Bf1 Bg4 16. Nbd2 Nc3 17. Re1 a5 18. Rxe8+ Qxe8 19. b5 Nb4 20. Bb2 Nbxa2 21. Qc2 Nb4 22. Qb3 b6 23. h3 Bf5 24. Re1 Qd8 25. c5 bxc5 26. Bc4 Ncd5 27. Ne5 Bxe5 28. Rxe5 Nf6 29. Bxf7+ Kg7 30. Be6 Bxe6 31. Rxe6 Qg8 32. Re7+ Kf8 33. Re6 Kg7 34. g4 Re8 35. Rxe8 Qxe8 36. Kf1 Ne4 37. Nxe4 Qxe4 38. Qc4 Qd3+ 39. Qxd3 Nxd3 40. b6 Nb4 41. b7 Nc6 42. Ba3 c4 43. Bd6 Kf7 44. b8=Q Nxb8 45. Bxb8 Ke6 46. Ke2 Kd5 47. Kd2 a4 48. Kc2 Ke4 49. Ba7 a3 50. Bc5 a2 51. Kb2 d3 52. Bb4 Kf3 53. Kxa2 Kxf2 54. Kb2 Kg3 55. Kc3 Kxh3 56. g5 Kg4 57. Be7 Kf3 58. Kd2 Ke4 59. Bf8 Kf4 60. Bh6 Ke4 61. Bg7 Kd5 62. Bf6 Kc5 63. Kc3 Kd5 64. Bd8 Ke4 65. Kd2 Kf5 66. Be7 Kf4 67. Bd8 Kg4 68. Bf6 Kf5 69. Kc3 h5 70. Bd4 Kxg5 71. Be3+ Kg4 72. Kxc4 h4 73. Kxd3 Kf3 74. Bg1 h3 75. Bh2 g5 76. Kd2 g4 0-1


[Site "https://www.chess.com"]

[Event "Titled Tuesday Blitz June 8 2021"]
[White "Saravana, Krishnan P."]
[Black "Solon, Nathan"]
[WhiteFideId "5018382"]
[BlackFideId "2017229"]
[WhiteElo "2245"]
[BlackElo "2622"]
[Result "0-1"]
[Round "08"]
[TimeControl "180+1"]
[Date "2021.06.08"]
[WhiteClock "0:01:03"]
[BlackClock "0:00:13"]

1. e4 c5 2. Nf3 d6 3. Bb5+ Nd7 4. c3 Nf6 5. Qe2 a6 6. Ba4 b5 7. Bc2 Bb7 8. O-O g6 9. d4 Bg7 10. a4 O-O 11. Na3 Qb6 12. Bg5 h6 13. Bh4 Rfe8 14. Rfd1 cxd4 15. cxd4 e5 16. d5 b4 17. Nc4 Qc7 18. a5 Nh5 19. Bg3 Rac8 20. Nfd2 Nf4 21. Qf1 Nc5 22. Nb6 Rb8 23. Ndc4 Qd8 24. f3 Bc8 25. Kh1 Bf8 26. Bf2 h5 27. Bxc5 dxc5 28. d6 Be6 29. d7 Re7 30. Nxe5 Qc7 31. d8=Q Rxd8 32. Rxd8 Qxd8 33. Nc6 Qc7 34. Nxe7+ Bxe7 35. Rd1 c4 36. g3 Bh3 37. Nd5 Bxf1 38. Nxc7 Bg2+ 39. Kg1 Bc5+ 0-1


[Site "https://www.chess.com"]

[Event "Titled Tuesday Blitz June 8 2021"]
[White "Sawlin, Leonid"]
[Black "Djordjevic, Vuk"]
[WhiteFideId "4689542"]
[BlackFideId "902098"]
[WhiteElo "2412"]
[BlackElo "2463"]
[Result "1-0"]
[Round "08"]
[TimeControl "180+1"]
[Date "2021.06.08"]
[WhiteClock "0:02:42"]
[BlackClock "0:02:07"]

1. e4 d5 2. exd5 Qxd5 3. Nc3 Qd6 4. d4 Nf6 5. Nf3 c6 6. g3 Bg4 7. Bf4 Qd8 8. Be2 e6 9. Qd2 Bd6 10. O-O-O Bxf4 11. Qxf4 Na6 12. Bxa6 bxa6 13. Ne5 Bxd1 14. Rxd1 Qd6 15. Na4 Nd7 16. Qxf7+ Kd8 17. Qxg7 Re8 18. Nf7+ Kc7 19. Nxd6 Kxd6 20. Nc5 Nb6 21. Nb7+ Kd5 22. Qe5+ Kc4 23. Qc5# 1-0


[Site "https://www.chess.com"]

[Event "Titled Tuesday Blitz June 8 2021"]
[White "Shkapenko, Pavel"]
[Black "Politov, Pavel Y."]
[WhiteFideId "4151933"]
[BlackFideId "24110515"]
[WhiteElo "2386"]
[BlackElo "2090"]
[Result "1-0"]
[Round "08"]
[TimeControl "180+1"]
[Date "2021.06.08"]
[WhiteClock "0:00:58"]
[BlackClock "0:00:07"]

1. e4 e5 2. Nf3 Nf6 3. Nxe5 d6 4. Nf3 Nxe4 5. d3 Nf6 6. d4 Bg4 7. Bd3 Qe7+ 8. Be3 Nd5 9. O-O Nxe3 10. fxe3 Qxe3+ 11. Kh1 Be7 12. Nbd2 Nc6 13. Re1 Qh6 14. d5 Ne5 15. Bb5+ c6 16. dxc6 bxc6 17. Rxe5 dxe5 18. Bd3 O-O 19. Qe1 Bd6 20. Ne4 Bxf3 21. gxf3 f5 22. Ng3 g6 23. Qc3 Rae8 24. Qxc6 Bb8 25. Bxf5 e4 26. Be6+ Kh8 27. Qc3+ Qg7 28. Qxg7+ Kxg7 29. Bd5 exf3 30. Rf1 Bxg3 31. hxg3 f2 32. Kg2 Re1 33. Rxf2 Rxf2+ 34. Kxf2 Rc1 35. Be4 Rb1 36. b3 Rb2 37. a4 a5 38. Ke3 h5 39. Kd2 Rb1 40. Kc3 Rg1 41. Kc4 Rxg3 42. Kb5 Rg5+ 43. Kb6 h4 44. c4 h3 45. c5 h2 46. c6 Re5 47. Bh1 Re1 48. c7 Rxh1 49. c8=Q Kh6 50. Qh8+ Kg5 51. Qe5+ Kh6 52. Kxa5 g5 53. Qe6+ Kh7 54. Qe4+ 1-0


[Site "https://www.chess.com"]

[Event "Titled Tuesday Blitz June 8 2021"]
[White "Silich, Yahor"]
[Black "Nitish Belurkar"]
[WhiteFideId "13513656"]
[BlackFideId "5084768"]
[WhiteElo "2136"]
[BlackElo "2306"]
[Result "0-1"]
[Round "08"]
[TimeControl "180+1"]
[Date "2021.06.08"]
[WhiteClock "0:00:02"]
[BlackClock "0:00:28"]

1. e4 d5 2. exd5 Nf6 3. Nc3 Nxd5 4. Nf3 Bf5 5. Bc4 e6 6. O-O Nb6 7. Bb3 c5 8. d4 c4 9. Ba4+ Nxa4 10. Nxa4 Nc6 11. Bf4 Be7 12. Re1 O-O 13. Nc5 b6 14. Ne4 Rc8 15. c3 b5 16. a3 a5 17. Qe2 Qd5 18. h3 b4 19. axb4 axb4 20. Ra6 Ra8 21. Rxa8 Rxa8 22. Nfd2 bxc3 23. bxc3 Ra2 24. Rb1 h6 25. Rc1 Na5 26. Qf3 Nb3 27. Re1 Rc2 28. Ng3 Qxf3 29. Nxf3 Bd3 30. d5 Bc5 31. dxe6 Bxf2+ 32. Kh2 fxe6 33. Rxe6 Rxc3 34. Be5 Rc2 35. Re7 g5 36. Nh5 Nd2 37. Nf6+ Kf8 38. Nxd2 Kxe7 39. Nde4 Bxe4 40. Nxe4 Be3 41. Bf6+ Ke6 42. Bg7 Bf4+ 43. Kg1 Rc1+ 44. Kf2 Kf5 45. Nd6+ Bxd6 0-1


[Site "https://www.chess.com"]

[Event "Titled Tuesday Blitz June 8 2021"]
[White "Sirosh, Ilja"]
[Black "Tanenbaum, Zachary"]
[WhiteFideId "4500458"]
[BlackFideId "2060850"]
[WhiteElo "2241"]
[BlackElo "2165"]
[Result "0-1"]
[Round "08"]
[TimeControl "180+1"]
[Date "2021.06.08"]
[WhiteClock "0:00:02"]
[BlackClock "0:00:03"]

1. e4 e5 2. Nf3 Nc6 3. Bc4 Nf6 4. d3 Be7 5. O-O O-O 6. Re1 d6 7. a4 Be6 8. a5 a6 9. Nbd2 h6 10. Nf1 Nh7 11. Ng3 Ng5 12. c3 Bg4 13. Bxg5 Bxg5 14. h3 Bxf3 15. Qxf3 g6 16. b4 h5 17. Rad1 Kg7 18. d4 exd4 19. cxd4 Nxb4 20. d5 c5 21. e5 Nc2 22. Re4 Nd4 23. Qd3 dxe5 24. Rxe5 Bf6 25. Nxh5+ gxh5 26. Rxh5 Rh8 27. Qg3+ Kf8 28. Rxh8+ Bxh8 29. d6 Qf6 30. Rb1 Nf5 31. Qd3 Nxd6 32. Rb6 Qa1+ 33. Kh2 Qe5+ 34. g3 Nxc4 35. Qxc4 Qd4 36. Qc2 Re8 37. Rxb7 Qd5 38. Rb6 Re1 39. Rb8+ Ke7 0-1


[Site "https://www.chess.com"]

[Event "Titled Tuesday Blitz June 8 2021"]
[White "Siva Mahadevan"]
[Black "Tsydypov, Zhamsaran"]
[WhiteFideId "25043153"]
[BlackFideId "4108566"]
[WhiteElo "2203"]
[BlackElo "2645"]
[Result "0-1"]
[Round "08"]
[TimeControl "180+1"]
[Date "2021.06.08"]
[WhiteClock "0:00:06"]
[BlackClock "0:00:20"]

1. e4 g6 2. d4 Bg7 3. Nc3 a6 4. Bg5 b5 5. f4 Bb7 6. Nf3 c5 7. dxc5 Qc7 8. Nd5 Qxc5 9. b4 Qd6 10. c4 Bxd5 11. cxd5 Qxb4+ 12. Nd2 Bxa1 13. Qxa1 f6 14. Bd3 a5 15. Ke2 Na6 16. Rb1 Qa3 17. Rxb5 Nb4 18. Bb1 Qa4 19. Rc5 d6 20. Rc4 Qd7 21. a3 Na6 22. Rc6 Nc5 23. Nf3 Qg4 24. Kf2 Rb8 25. h3 Qd7 26. Bh4 Qb7 27. Bc2 Qb2 28. Qd1 Nxe4+ 29. Kg1 Nc5 30. Nd4 Nh6 31. Ne6 Nxe6 32. dxe6 O-O 33. f5 Kg7 34. Be1 Rbc8 35. Bc3 Qxa3 36. Rxc8 Rxc8 37. Bd4 Rxc2 38. Qxc2 Nxf5 39. Bf2 Qa1+ 40. Kh2 Qe5+ 41. Kg1 Qxe6 42. Qc7 a4 43. Qa5 Qe4 44. g4 Ne3 0-1


[Site "https://www.chess.com"]

[Event "Titled Tuesday Blitz June 8 2021"]
[White "Spyropoulos, Nikolaos"]
[Black "Zhigalko, Sergei"]
[WhiteFideId "4298977"]
[BlackFideId "13502956"]
[WhiteElo "2159"]
[BlackElo "2662"]
[Result "0-1"]
[Round "08"]
[TimeControl "180+1"]
[Date "2021.06.08"]
[WhiteClock "0:01:35"]
[BlackClock "0:01:05"]

1. d4 Nf6 2. Nf3 e6 3. Bg5 h6 4. Bh4 b6 5. Nbd2 Bb7 6. e3 Be7 7. Bd3 d6 8. O-O Nbd7 9. Re1 O-O 10. e4 Nh5 11. Bg3 c5 12. c3 Qc7 13. Rc1 Rfd8 14. Qe2 a6 15. Nc4 b5 16. Ne3 Rac8 17. d5 c4 18. Bb1 Nc5 19. Nd4 Nxg3 20. hxg3 Bf6 21. Red1 Re8 22. Qf3 Bg5 23. Rc2 Bxe3 24. Qxe3 exd5 25. Re2 dxe4 26. Nf5 d5 0-1


[Site "https://www.chess.com"]

[Event "Titled Tuesday Blitz June 8 2021"]
[White "Stark, Lars"]
[Black "Sokolin, Leonid"]
[WhiteFideId "4676386"]
[BlackFideId "2009161"]
[WhiteElo "2474"]
[BlackElo "2394"]
[Result "0-1"]
[Round "08"]
[TimeControl "180+1"]
[Date "2021.06.08"]
[WhiteClock "0:00:56"]
[BlackClock "0:00:49"]

1. c4 e5 2. g3 c6 3. Nf3 e4 4. Nd4 d5 5. cxd5 Qxd5 6. Nc2 Nf6 7. Nc3 Qh5 8. Ne3 Bc5 9. Qc2 Bxe3 10. fxe3 Qg6 11. Bg2 Bf5 12. O-O O-O 13. Rxf5 Qxf5 14. Nxe4 Kh8 15. d3 Nxe4 16. Bxe4 Qe6 17. Bd2 Nd7 18. Rf1 f5 19. Bg2 Qxa2 20. Bb4 Rf7 21. Bc3 Qe6 22. Qd2 Re8 23. e4 fxe4 24. Bxe4 Rxf1+ 25. Kxf1 Nf6 26. Bf3 Qf5 27. Kg2 h6 28. h3 Qg5 29. Qxg5 hxg5 30. g4 Kg8 31. Kg3 Kf7 32. h4 gxh4+ 33. Kxh4 Nd5 34. Bd2 b6 35. g5 g6 36. Kg3 a5 37. e4 Nb4 38. d4 Rd8 39. Bc3 Na2 40. e5 Nxc3 41. bxc3 Rc8 42. Kf4 a4 43. c4 a3 44. d5 a2 45. Bg4 Rf8 46. d6 a1=Q 47. e6+ Kg7+ 48. Ke4 Qe1+ 49. Kd3 0-1


[Site "https://www.chess.com"]

[Event "Titled Tuesday Blitz June 8 2021"]
[White "Starozhilov, Leonid"]
[Black "Nesterov, Arseniy"]
[WhiteFideId "14106752"]
[BlackFideId "24198455"]
[WhiteElo "2414"]
[BlackElo "2441"]
[Result "0-1"]
[Round "08"]
[TimeControl "180+1"]
[Date "2021.06.08"]
[WhiteClock "0:00:06"]
[BlackClock "0:00:43"]

1. e4 e5 2. Nf3 Nc6 3. Bb5 a6 4. Bxc6 dxc6 5. h3 Ne7 6. d3 Ng6 7. Be3 Bd6 8. Nbd2 O-O 9. O-O c5 10. Re1 b6 11. Nf1 f6 12. Ng3 Re8 13. a4 a5 14. b3 Nf8 15. Nd2 Ne6 16. Nc4 Bf8 17. Rf1 Bd7 18. Ne2 Bc6 19. Qd2 Nd4 20. Rae1 Qd7 21. f3 Rad8 22. Kh1 Bb7 23. Nxd4 cxd4 24. Bg1 Bb4 25. Qd1 Bxe1 26. Qxe1 Ba6 27. Nd2 Qc6 28. Qd1 b5 29. axb5 Bxb5 30. f4 exf4 31. Rxf4 a4 32. bxa4 Bxa4 33. Nc4 Bb5 34. Nd2 Qd6 35. Bh2 c5 36. Rf2 Qc6 37. Qg4 Qe6 38. Qxe6+ Rxe6 39. Rf5 Rc8 40. Nb3 Rec6 41. Bg3 Ba4 42. e5 Bxb3 43. cxb3 Kf7 44. exf6 Rxf6 45. Rd5 Rf1+ 46. Kh2 Rd1 47. Rd7+ Kf6 48. Bh4+ g5 49. Bg3 Rxd3 0-1


[Site "https://www.chess.com"]

[Event "Titled Tuesday Blitz June 8 2021"]
[White "Stepanencu, Nicodim-Cosmin"]
[Black "Matinian, Nikita"]
[WhiteFideId "1256220"]
[BlackFideId "24129100"]
[WhiteElo "1704"]
[BlackElo "2410"]
[Result "1-0"]
[Round "08"]
[TimeControl "180+1"]
[Date "2021.06.08"]
[WhiteClock "0:01:29"]
[BlackClock "0:00:02"]

1. e4 e5 2. Nf3 Nc6 3. d4 exd4 4. Nxd4 Bc5 5. Nb3 Bb6 6. Nc3 Nge7 7. Qe2 O-O 8. Be3 f5 9. f4 fxe4 10. O-O-O d5 11. Nxe4 Bg4 12. Qxg4 Bxe3+ 13. Kb1 Qc8 14. Qxc8 Raxc8 15. Nec5 Rxf4 16. Nxb7 Ne5 17. Ba6 Rb8 18. Rhe1 d4 19. c3 Rf6 20. N7c5 Ng4 21. Bc4+ Kh8 22. Nd7 Rc8 23. Nxf6 gxf6 24. Be6 1-0


[Site "https://www.chess.com"]